 Dungeon Crawl Stone Soup version 0.29.0-4-gdea44cf6ec (webtiles) character file.

Game seed: 10727216043314467439

14205 qw the Brawler (level 11, -4/105 HPs)
             Began as a Troll Cinder Acolyte on Sept 2, 2022.
             Was a Believer of Okawaru.
             Slain by a fire elemental (8 damage)
             ... created by the fiery vengeance of Ignis
             ... on level 5 of the Lair of Beasts.
             The game lasted 00:06:50 (9202 turns).

qw the Brawler (Troll Cinder Acolyte)               Turns: 9202, Time: 00:06:50

Health: -4/105     AC: 13    Str: 28    XL:     11   Next: 85%
Magic:  11/13      EV: 12    Int: 10    God:    Okawaru [**....]
Gold:   496        SH:  0    Dex: 11    Spells: 12/12 levels left

rFire   . . .      SeeInvis .     - Unarmed
rCold   . . .      Faith    .   (no shield)
rNeg    . . .      Spirit   .   k - +0 troll leather armour
rPois   .          Reflect  .   (helmet restricted)
rElec   .          Harm     .   l - +1 cloak
rCorr   .          Rampage  .   (gloves unavailable)
Will    .....                   (boots unavailable)
Stlth   ++........              (no amulet)
HPRegen 1.87/turn               g - +4 ring of protection
MPRegen 0.13/turn               h - +6 ring of dexterity

@: lethally poisoned (-4 -> -4), heroic, fire susceptible
A: large, unfitting armour, claws 3, regeneration 1, shaggy fur 1, tough skin 1
a: Renounce Religion, Heroism


You were on level 5 of the Lair of Beasts.
You worshipped Okawaru.
Okawaru was pleased with you.
You visited 2 branches of the dungeon, and saw 13 of its levels.

You collected 639 gold pieces.
You spent 143 gold pieces at shops.


Innate Abilities, Weirdness & Mutations

You are too large for most types of armour.
You have claws for hands.
Your natural rate of healing is unusually fast.
You are covered in fur. (AC +1)
You have tough skin. (AC +1)


   Skills:
 - Level 6.0(11.0) Fighting
 - Level 5.0(10.0) Throwing
 - Level 2.1(7.1) Armour
 - Level 3.1(8.1) Dodging
 + Level 15.9(20.9) Unarmed Combat
 - Level 1.0 Spellcasting
 - Level 2.1 Fire Magic
 - Level 4.0 Invocations


You had 12 spell levels left.
You didn't know any spells.
Your spell library contained the following spells:

 Spells                   Type           Power      Damage    Failure   Level
 Scorch                   Fire           8%         2d5       24%         2

Inventory:

Missiles
 j - 10 boomerangs (quivered)
Armour
 k - a +0 troll leather armour (worn)
 l - a +1 cloak (worn)
Jewellery
 g - a +4 ring of protection (left claw)
 h - a +6 ring of dexterity (right claw)
Scrolls
 f - 6 scrolls of identify
 m - a scroll of vulnerability {unknown}
 o - 2 scrolls of brand weapon
Potions
 b - 3 potions of might
 c - 6 potions of curing
 e - 7 potions of mutation
 i - 2 potions of cancellation
 n - a potion of resistance

Dungeon Overview and Level Annotations

Branches:
Dungeon (9/15)             Temple (0/1) D:5            Lair (5/5) D:9
  Swamp: Lair:2-3    Shoals: Lair:2-3     Snake: Lair:2-3    Spider: Lair:2-3
  Slime: Lair:4-5       Orc: D:9-12

Altars:
Ashenzari
Dithmenos
Fedhas
Makhleb
Okawaru
Uskayaw
Xom
Yredelemnul
Zin
The Shining One
Lugonu

Shops:
D:2 :   D:7 [(*[

Portals:
Abyss: D:8


Message History

You eviscerate the cane toad!!!
You kill the cane toad!
Okawaru accepts your kill.
You feel sick.
The blink frog blinks! x2
You scratch the komodo dragon but do no damage.
You feel very sick.
You claw the blink frog!
The blink frog is lightly wounded.
You feel sick. The blink frog closely misses you. The komodo dragon bites you!!
9197 ||| DRINKING potion of heal wounds.
You feel much better.
You feel very sick.
The blink frog blinks!
The blink frog barely misses you. The komodo dragon bites you!!
The komodo dragon bites you but does no damage.
You eviscerate the blink frog!!!
You kill the blink frog!
Okawaru accepts your kill.
You feel sick.
Ignis wails with rage, and rains down burning fury! 3 fire elementals come into view.
You eviscerate the komodo dragon!!!
You kill the komodo dragon!
Okawaru accepts your kill.
You feel sick. The komodo dragon closely misses you.
Your Invocations skill increases to level 4!
You mangle the komodo dragon!!
You claw the komodo dragon, but do no damage.
The komodo dragon is almost dead.
You feel sick.
You barely miss the komodo dragon. You claw the komodo dragon.
You kill the komodo dragon!
Okawaru accepts your kill.
You feel sick. The fire elemental hits you. The fire elemental burns you!
You mangle the fire elemental!!
The fire elemental is severely damaged.
You feel sick. The fire elemental barely misses you.
The fire elemental closely misses you. The fire elemental hits you.
The fire elemental burns you!
You die...

.............
...........## $
...........# .F
.......... ..
........# .l
..P.#0.## . #.
#.##E%..#
#...#.###.P#@E.##
#.......l..##E0.##
..........Fh%.<..#
#..........F....##
#..#.......##...#
#. ###......#..##
# #P....#.<.#
##...#....#
##...#...#


You could see 3 fire elementals.

Vanquished Creatures
  Amaemon (Lair:1)
  A black mamba (Lair:1)
  3 cane toads
  Maggie (Lair:1)
  An orange demon (Lair:1)
  2 rime drakes (Lair:1)
  3 komodo dragons
  A troll (D:9)
  Grinder (D:4)
  3 blink frogs (Lair:5)
  A wraith (D:9)
  A wyvern (D:9)
  19 yaks
  3 steam dragons (D:9)
  2 fire elementals (Lair:4)
  Grum (Lair:1)
  Menkaure (D:7)
  4 water moccasins
  5 sky beasts
  An orc warrior (D:9)
  4 ice beasts
  A black bear (D:6)
  An ogre (D:5)
  20 wolves
  A phantom (D:5)
  4 centaurs
  A kobold brigand (D:8)
  5 bullfrogs
  5 scorpions
  A necrophage (D:4)
  5 wights
  5 killer bees
  3 electric eels (D:6)
  2 howler monkeys (D:8)
  5 orc priests
  A gnoll bouda (D:5)
  6 hounds
  3 iguanas
  11 orc wizards
  7 hell rats (Lair:1)
  9 gnolls
  10 adders
  2 shadow imps
  An ufetubus (D:6)
  5 worms
  3 dart slugs (D:1)
  24 orcs
  10 ball pythons
  8 endoplasms
  2 giant cockroaches (D:1)
  6 goblins
  6 hobgoblins
  5 quokkas
  8 bats
  6 frilled lizards
  11 kobolds
  7 rats
  A lurking horror (D:8)
270 creatures vanquished.

Vanquished Creatures (others)
  A centaur (D:9)
  15 fungi
  9 plants
25 creatures vanquished.

Grand Total: 295 creatures vanquished

Notes
Turn   | Place    | Note
-------+----------+-------------------------------------------
     0 | D:1      | qw the Troll Cinder Acolyte began the quest for the Orb.
     0 | D:1      | Reached XP level 1. HP: 22/22 MP: 1/1
     0 | D:1      | 0 ||| qw: Version: 0.1-a-97-g2dd2ca4
     0 | D:1      | 0 ||| qw: Game counter: 4996
     0 | D:1      | 0 ||| qw: Always use a shield: true
     0 | D:1      | 0 ||| qw: God list: Okawaru
     0 | D:1      | 0 ||| qw: Allow faded altars: false
     0 | D:1      | 0 ||| qw: Do Orc after D:15 true
     0 | D:1      | 0 ||| qw: Do second Lair branch before Depths: true
     0 | D:1      | 0 ||| qw: Lair rune preference: random
     0 | D:1      | 0 ||| qw: Plans: Normal
     0 | D:1      | 0 ||| PLANNING D:1-11
    44 | D:1      | 44 ||| Stepping ~*~*~tactically~*~*~ (hiding).
   108 | D:1      | Reached XP level 2. HP: 29/29 MP: 2/2
   307 | D:1      | Reached skill level 4 in Unarmed Combat
   362 | D:1      | 362 ||| Stepping ~*~*~tactically~*~*~ (outnumbered).
   364 | D:1      | 364 ||| Stepping ~*~*~tactically~*~*~ (outnumbered).
   365 | D:1      | 365 ||| Stepping ~*~*~tactically~*~*~ (outnumbered).
   368 | D:1      | 368 ||| Stepping ~*~*~tactically~*~*~ (outnumbered).
   369 | D:1      | 369 ||| Stepping ~*~*~tactically~*~*~ (outnumbered).
   370 | D:1      | 370 ||| Stepping ~*~*~tactically~*~*~ (outnumbered).
   373 | D:1      | 373 ||| Stepping ~*~*~tactically~*~*~ (stealth).
   374 | D:1      | 374 ||| Stepping ~*~*~tactically~*~*~ (stealth).
   377 | D:1      | 377 ||| Stepping ~*~*~tactically~*~*~ (outnumbered).
   379 | D:1      | 379 ||| Stepping ~*~*~tactically~*~*~ (outnumbered).
   380 | D:1      | 380 ||| Stepping ~*~*~tactically~*~*~ (outnumbered).
   381 | D:1      | 381 ||| Stepping ~*~*~tactically~*~*~ (outnumbered).
   382 | D:1      | 382 ||| Stepping ~*~*~tactically~*~*~ (outnumbered).
   383 | D:1      | 383 ||| Stepping ~*~*~tactically~*~*~ (outnumbered).
   384 | D:1      | 384 ||| INVOKING Fiery Armour.
   385 | D:1      | 385 ||| Stepping ~*~*~tactically~*~*~ (outnumbered).
   386 | D:1      | 386 ||| Stepping ~*~*~tactically~*~*~ (outnumbered).
   387 | D:1      | 387 ||| Stepping ~*~*~tactically~*~*~ (outnumbered).
   388 | D:1      | Reached XP level 3. HP: 36/36 MP: 3/3
   390 | D:1      | 390 ||| Stepping ~*~*~tactically~*~*~ (outnumbered).
   859 | D:1      | 859 ||| READING scroll labelled KOUNGY ATHRUN.
   960 | D:1      | 960 ||| READING scroll labelled BEAMUEMN DUSK.
   961 | D:1      | 961 ||| READING scroll labelled FILUKOECEWNA.
   965 | D:1      | 965 ||| READING scroll labelled FACLOTW ESIEK.
   966 | D:1      | 966 ||| READING scroll labelled WOQAAN BIRA.
   967 | D:1      | 967 ||| DRINKING 2 pink potions.
   968 | D:1      | 968 ||| DRINKING 2 yellow potions.
  1073 | D:1      | 1073 ||| DROPPING potion of berserk rage.
  1095 | D:2      | 1095 ||| STAIRDANCE
  1097 | D:1      | 1097 ||| INVOKING Fiery Armour.
  1098 | D:1      | 1098 ||| Stepping ~*~*~tactically~*~*~ (outnumbered).
  1100 | D:1      | 1100 ||| Stepping ~*~*~tactically~*~*~ (outnumbered).
  1101 | D:1      | 1101 ||| Stepping ~*~*~tactically~*~*~ (outnumbered).
  1110 | D:2      | 1110 ||| STAIRDANCE
  1113 | D:1      | Reached XP level 4. HP: 36/44 MP: 4/4
  1126 | D:2      | Reached skill level 5 in Unarmed Combat
  1170 | D:2      | 1170 ||| Stepping ~*~*~tactically~*~*~ (stealth).
  1376 | D:2      | Identified the +10 short sword of the Crafting Madman
                  | {vorpal, Dex+5}
  1481 | D:2      | Found Koabatell's Book Emporium.
  1765 | D:2      | Found a faded altar of an unknown god.
  1829 | D:2      | 1829 ||| DRINKING 2 sapphire potions.
  1830 | D:2      | 1830 ||| DROPPING potion of brilliance.
  1884 | D:3      | 1884 ||| Stepping ~*~*~tactically~*~*~ (stealth).
  1974 | D:3      | 1974 ||| Stepping ~*~*~tactically~*~*~ (outnumbered).
  1980 | D:3      | Reached XP level 5. HP: 49/50 MP: 5/5
  1984 | D:3      | Reached skill level 6 in Unarmed Combat
  2527 | D:3      | 2527 ||| UPGRADING to +4 ring of protection.
  2528 | D:3      | 2528 ||| READING scroll labelled JIOLA OMIUH.
  2529 | D:3      | 2529 ||| DRINKING 3 cyan potions.
  2530 | D:3      | 2530 ||| DRINKING 2 black potions.
  2531 | D:3      | 2531 ||| READING 2 scrolls of identify.
  2531 | D:3      | 2531 ||| IDENTIFYING bubbling white potion
  2532 | D:3      | 2532 ||| DROPPING potion of flight.
  2688 | D:4      | 2688 ||| Stepping ~*~*~tactically~*~*~ (stealth).
  2690 | D:4      | 2690 ||| Stepping ~*~*~tactically~*~*~ (stealth).
  2906 | D:4      | Reached XP level 6. HP: 59/59 MP: 6/6
  2928 | D:4      | Noticed Grinder
  2929 | D:4      | 2929 ||| Stepping ~*~*~tactically~*~*~ (hiding).
  2940 | D:4      | Killed Grinder
  2941 | D:4      | Reached skill level 7 in Unarmed Combat
  2941 | D:4      | Reached XP level 7. HP: 45/66 MP: 7/7
  2981 | D:4      | Found a glowing golden altar of the Shining One.
  3180 | D:4      | 3180 ||| Stepping ~*~*~tactically~*~*~ (stealth).
  3199 | D:4      | Found a burning altar of Makhleb.
  3283 | D:4      | 3283 ||| UPGRADING to ring of resist corrosion.
  3284 | D:4      | 3284 ||| READING scroll labelled IGIMMOWUUG.
  3285 | D:4      | 3285 ||| READING scroll labelled OKHLEX ROEH RIQI.
  3286 | D:4      | 3286 ||| DRINKING 2 inky potions.
  3287 | D:4      | 3287 ||| READING 2 scrolls of identify.
  3287 | D:4      | 3287 ||| IDENTIFYING purple potion
  3288 | D:4      | 3288 ||| DROPPING potion of degeneration.
  3301 | D:5      | Entered Level 5 of the Dungeon
  3307 | D:5      | 3307 ||| INVOKING Fiery Armour.
  3316 | D:5      | Reached skill level 8 in Unarmed Combat
  3329 | D:5      | Reached skill level 3 in Fighting
  3372 | D:5      | Found a staircase to the Ecumenical Temple.
  3524 | D:5      | Reached skill level 9 in Unarmed Combat
  3524 | D:5      | Reached XP level 8. HP: 75/75 MP: 8/8
  3535 | D:5      | Reached skill level 1 in Dodging
  3942 | D:5      | 3942 ||| READING scroll labelled FAZEMM EWETULE.
  3943 | D:5      | 3943 ||| READING scroll labelled IFOSTRA TYLO.
  3944 | D:5      | 3944 ||| READING 2 scrolls of identify.
  3944 | D:5      | 3944 ||| IDENTIFYING fizzy red potion
  3945 | D:5      | 3945 ||| DROPPING potion of attraction.
  3992 | D:6      | 3992 ||| Stepping ~*~*~tactically~*~*~ (hiding).
  3993 | D:6      | 3993 ||| Stepping ~*~*~tactically~*~*~ (hiding).
  4030 | D:6      | Found a broken altar of Ashenzari.
  4065 | D:6      | 4065 ||| Stepping ~*~*~tactically~*~*~ (stealth).
  4106 | D:6      | 4106 ||| Stepping ~*~*~tactically~*~*~ (stealth).
  4112 | D:6      | Reached skill level 10 in Unarmed Combat
  4117 | D:6      | 4117 ||| Stepping ~*~*~tactically~*~*~ (outnumbered).
  4145 | D:6      | 4145 ||| UPGRADING to +6 ring of dexterity.
  4147 | D:6      | 4147 ||| DROPPING ring of resist corrosion.
  4148 | D:6      | 4148 ||| READING 2 scrolls of teleportation.
  4203 | D:6      | 4203 ||| READING scroll of teleportation.
  4206 | D:6      | Found a blossoming altar of Fedhas.
  4258 | D:6      | 4258 ||| Stepping randomly (stuck).
  4259 | D:6      | 4259 ||| Stepping randomly (stuck).
  4261 | D:6      | 4261 ||| Stepping randomly (stuck).
  4262 | D:6      | 4262 ||| Stepping randomly (stuck).
  4263 | D:6      | 4263 ||| Stepping randomly (stuck).
  4264 | D:6      | 4264 ||| Stepping randomly (stuck).
  4265 | D:6      | 4265 ||| Stepping randomly (stuck).
  4265 | D:6      | Found a hide-covered altar of Uskayaw.
  4266 | D:6      | 4266 ||| Stepping randomly (stuck).
  4267 | D:6      | 4267 ||| Stepping randomly (stuck).
  4268 | D:6      | 4268 ||| Stepping randomly (stuck).
  4269 | D:6      | 4269 ||| Stepping randomly (stuck).
  4270 | D:6      | 4270 ||| Stepping randomly (stuck).
  4271 | D:6      | 4271 ||| Stepping randomly (stuck).
  4272 | D:6      | 4272 ||| Stepping randomly (stuck).
  4273 | D:6      | 4273 ||| Stepping randomly (stuck).
  4274 | D:6      | 4274 ||| Stepping randomly (stuck).
  4275 | D:6      | 4275 ||| Stepping randomly (stuck).
  4276 | D:6      | 4276 ||| Stepping randomly (stuck).
  4277 | D:6      | 4277 ||| Stepping randomly (stuck).
  4278 | D:6      | 4278 ||| Stepping randomly (stuck).
  4279 | D:6      | 4279 ||| Stepping randomly (stuck).
  4280 | D:6      | 4280 ||| Stepping randomly (stuck).
  4282 | D:6      | 4282 ||| Stepping randomly (stuck).
  4283 | D:6      | 4283 ||| Stepping randomly (stuck).
  4284 | D:6      | 4284 ||| Stepping randomly (stuck).
  4285 | D:6      | 4285 ||| Stepping randomly (stuck).
  4287 | D:6      | 4287 ||| Stepping randomly (stuck).
  4289 | D:6      | 4289 ||| Stepping randomly (stuck).
  4293 | D:6      | 4293 ||| Stepping randomly (stuck).
  4294 | D:6      | 4294 ||| Stepping randomly (stuck).
  4295 | D:6      | 4295 ||| Stepping randomly (stuck).
  4296 | D:6      | 4296 ||| Stepping randomly (stuck).
  4297 | D:6      | 4297 ||| Stepping randomly (stuck).
  4298 | D:6      | 4298 ||| Stepping randomly (stuck).
  4299 | D:6      | 4299 ||| Stepping randomly (stuck).
  4300 | D:6      | 4300 ||| Stepping randomly (stuck).
  4301 | D:6      | 4301 ||| Stepping randomly (stuck).
  4302 | D:6      | 4302 ||| Stepping randomly (stuck).
  4303 | D:6      | 4303 ||| Stepping randomly (stuck).
  4304 | D:6      | 4304 ||| Stepping randomly (stuck).
  4305 | D:6      | 4305 ||| Stepping randomly (stuck).
  4306 | D:6      | 4306 ||| Stepping randomly (stuck).
  4307 | D:6      | 4307 ||| Stepping randomly (stuck).
  4308 | D:6      | 4308 ||| Stepping randomly (stuck).
  4309 | D:6      | 4309 ||| Stepping randomly (stuck).
  4310 | D:6      | 4310 ||| Stepping randomly (stuck).
  4311 | D:6      | 4311 ||| Stepping randomly (stuck).
  4312 | D:6      | 4312 ||| Stepping randomly (stuck).
  4313 | D:6      | 4313 ||| Stepping randomly (stuck).
  4314 | D:6      | 4314 ||| Stepping randomly (stuck).
  4317 | D:6      | 4317 ||| Stepping randomly (stuck).
  4321 | D:6      | 4321 ||| Stepping randomly (stuck).
  4322 | D:6      | 4322 ||| Stepping randomly (stuck).
  4324 | D:6      | 4324 ||| Stepping randomly (stuck).
  4325 | D:6      | 4325 ||| Stepping randomly (stuck).
  4326 | D:6      | 4326 ||| Stepping randomly (stuck).
  4327 | D:6      | 4327 ||| Stepping randomly (stuck).
  4328 | D:6      | 4328 ||| Stepping randomly (stuck).
  4329 | D:6      | 4329 ||| Stepping randomly (stuck).
  4330 | D:6      | 4330 ||| Stepping randomly (stuck).
  4386 | D:6      | 4386 ||| Stepping randomly (stuck).
  4387 | D:6      | 4387 ||| Stepping randomly (stuck).
  4388 | D:6      | 4388 ||| Stepping randomly (stuck).
  4394 | D:6      | Reached skill level 3 in Throwing
  4446 | D:6      | 4446 ||| FLEEEEING.
  4447 | D:6      | 4447 ||| FLEEEEING.
  4457 | D:6      | 4457 ||| INVOKING Fiery Armour.
  4459 | D:6      | 4459 ||| FLEEEEING.
  4460 | D:6      | 4460 ||| FLEEEEING.
  4465 | D:6      | 4465 ||| FLEEEEING.
  4472 | D:6      | 4472 ||| STAIRDANCE
  4490 | D:6      | 4490 ||| FLEEEEING.
  4491 | D:6      | 4491 ||| FLEEEEING.
  4501 | D:6      | 4501 ||| FLEEEEING.
  4502 | D:6      | 4502 ||| FLEEEEING.
  4504 | D:6      | 4504 ||| FLEEEEING.
  4508 | D:6      | 4508 ||| STAIRDANCE
  4531 | D:6      | 4531 ||| FLEEEEING.
  4533 | D:6      | 4533 ||| STAIRDANCE
  4549 | D:6      | 4549 ||| FLEEEEING.
  4550 | D:6      | 4550 ||| FLEEEEING.
  4560 | D:6      | 4560 ||| FLEEEEING.
  4561 | D:6      | 4561 ||| FLEEEEING.
  4563 | D:6      | 4563 ||| STAIRDANCE
  4585 | D:6      | 4585 ||| FLEEEEING.
  4587 | D:6      | 4587 ||| FLEEEEING.
  4588 | D:6      | 4588 ||| FLEEEEING.
  4590 | D:6      | 4590 ||| STAIRDANCE
  4608 | D:6      | 4608 ||| FLEEEEING.
  4620 | D:6      | 4620 ||| INVOKING Fiery Armour.
  4622 | D:6      | 4622 ||| FLEEEEING.
  4623 | D:6      | 4623 ||| FLEEEEING.
  4628 | D:6      | 4628 ||| FLEEEEING.
  4635 | D:6      | 4635 ||| STAIRDANCE
  4666 | D:6      | 4666 ||| FLEEEEING.
  4667 | D:6      | 4667 ||| FLEEEEING.
  4668 | D:6      | 4668 ||| FLEEEEING.
  4681 | D:6      | 4681 ||| FLEEEEING.
  4682 | D:6      | 4682 ||| FLEEEEING.
  4687 | D:6      | 4687 ||| FLEEEEING.
  4694 | D:6      | 4694 ||| STAIRDANCE
  4711 | D:6      | 4711 ||| FLEEEEING.
  4712 | D:6      | 4712 ||| FLEEEEING.
  4713 | D:6      | 4713 ||| FLEEEEING.
  4724 | D:6      | 4724 ||| FLEEEEING.
  4725 | D:6      | 4725 ||| FLEEEEING.
  4727 | D:6      | 4727 ||| STAIRDANCE
  4747 | D:6      | 4747 ||| FLEEEEING.
  4748 | D:6      | 4748 ||| FLEEEEING.
  4750 | D:6      | 4750 ||| STAIRDANCE
  4775 | D:6      | 4775 ||| FLEEEEING.
  4785 | D:6      | 4785 ||| INVOKING Fiery Armour.
  4788 | D:6      | 4788 ||| FLEEEEING.
  4789 | D:6      | 4789 ||| FLEEEEING.
  4791 | D:6      | 4791 ||| FLEEEEING.
  4795 | D:6      | 4795 ||| STAIRDANCE
  4808 | D:6      | 4808 ||| FLEEEEING.
  4809 | D:6      | 4809 ||| FLEEEEING.
  4814 | D:6      | 4814 ||| FLEEEEING.
  4821 | D:6      | 4821 ||| STAIRDANCE
  4857 | D:6      | 4857 ||| FLEEEEING.
  4859 | D:6      | 4859 ||| FLEEEEING.
  4860 | D:6      | 4860 ||| FLEEEEING.
  4862 | D:6      | 4862 ||| FLEEEEING.
  4866 | D:6      | 4866 ||| STAIRDANCE
  4913 | D:6      | 4913 ||| INVOKING Fiery Armour.
  4914 | D:6      | 4914 ||| FLEEEEING.
  4915 | D:6      | 4915 ||| FLEEEEING.
  4917 | D:6      | 4917 ||| STAIRDANCE
  4934 | D:6      | 4934 ||| FLEEEEING.
  4936 | D:6      | 4936 ||| STAIRDANCE
  4953 | D:6      | 4953 ||| FLEEEEING.
  4954 | D:6      | 4954 ||| FLEEEEING.
  4956 | D:6      | 4956 ||| FLEEEEING.
  4960 | D:6      | 4960 ||| STAIRDANCE
  4984 | D:6      | 4984 ||| FLEEEEING.
  4986 | D:6      | 4986 ||| FLEEEEING.
  4987 | D:6      | 4987 ||| FLEEEEING.
  4989 | D:6      | 4989 ||| STAIRDANCE
  5005 | D:6      | 5005 ||| FLEEEEING.
  5006 | D:6      | 5006 ||| FLEEEEING.
  5011 | D:6      | 5011 ||| FLEEEEING.
  5018 | D:6      | 5018 ||| STAIRDANCE
  5036 | D:6      | 5036 ||| FLEEEEING.
  5037 | D:6      | 5037 ||| FLEEEEING.
  5038 | D:6      | 5038 ||| FLEEEEING.
  5040 | D:6      | 5040 ||| FLEEEEING.
  5044 | D:6      | 5044 ||| STAIRDANCE
  5077 | D:6      | 5077 ||| FLEEEEING.
  5078 | D:6      | 5078 ||| FLEEEEING.
  5080 | D:6      | 5080 ||| STAIRDANCE
  5097 | D:6      | 5097 ||| FLEEEEING.
  5098 | D:6      | 5098 ||| FLEEEEING.
  5100 | D:6      | 5100 ||| STAIRDANCE
  5120 | D:6      | 5120 ||| FLEEEEING.
  5121 | D:6      | 5121 ||| FLEEEEING.
  5137 | D:6      | 5137 ||| INVOKING Fiery Armour.
  5139 | D:6      | 5139 ||| FLEEEEING.
  5140 | D:6      | 5140 ||| FLEEEEING.
  5154 | D:6      | 5154 ||| FLEEEEING.
  5155 | D:6      | 5155 ||| FLEEEEING.
  5198 | D:6      | 5198 ||| FLEEEEING.
  5199 | D:6      | 5199 ||| FLEEEEING.
  5200 | D:6      | 5200 ||| FLEEEEING.
  5201 | D:6      | 5201 ||| FLEEEEING.
  5202 | D:6      | 5202 ||| FLEEEEING.
  5203 | D:6      | 5203 ||| FLEEEEING.
  5204 | D:6      | 5204 ||| FLEEEEING.
  5205 | D:6      | 5205 ||| FLEEEEING.
  5206 | D:6      | 5206 ||| FLEEEEING.
  5207 | D:6      | 5207 ||| FLEEEEING.
  5208 | D:6      | 5208 ||| FLEEEEING.
  5209 | D:6      | 5209 ||| FLEEEEING.
  5210 | D:6      | 5210 ||| FLEEEEING.
  5223 | D:6      | 5223 ||| FLEEEEING.
  5224 | D:6      | 5224 ||| FLEEEEING.
  5229 | D:6      | 5229 ||| FLEEEEING.
  5251 | D:6      | 5251 ||| FLEEEEING.
  5252 | D:6      | 5252 ||| FLEEEEING.
  5253 | D:6      | 5253 ||| FLEEEEING.
  5399 | D:6      | Found an iron altar of Okawaru.
  5401 | D:6      | Found a basalt altar of Yredelemnul.
  5409 | D:6      | Found a glowing silver altar of Zin.
  5530 | D:6      | 5530 ||| UPGRADING to +0 cloak.
  5535 | D:6      | 5535 ||| READING scroll of enchant armour.
  5535 | D:6      | 5535 ||| ENCHANTING +0 cloak.
  5536 | D:6      | 5536 ||| READING 2 scrolls of identify.
  5536 | D:6      | 5536 ||| IDENTIFYING sedimented puce potion
  5577 | D:7      | 5577 ||| STAIRDANCE
  5641 | D:7      | Reached XP level 9. HP: 84/84 MP: 9/9
  5643 | D:7      | Found Saxzaschefe's Antique Armour Emporium.
  5645 | D:7      | 5645 ||| Stepping ~*~*~tactically~*~*~ (stealth).
  5649 | D:7      | 5649 ||| Stepping ~*~*~tactically~*~*~ (stealth).
  5651 | D:7      | 5651 ||| Stepping ~*~*~tactically~*~*~ (stealth).
  5680 | D:7      | 5680 ||| SHOPLISTING pearl dragon scales (2400 gold, have
                  | 416).
  5710 | D:7      | 5710 ||| Stepping ~*~*~tactically~*~*~ (stealth).
  5732 | D:7      | Reached skill level 11 in Unarmed Combat
  5744 | D:7      | 5744 ||| Stepping ~*~*~tactically~*~*~ (hiding).
  5745 | D:7      | 5745 ||| Stepping ~*~*~tactically~*~*~ (hiding).
  5784 | D:7      | 5784 ||| Stepping ~*~*~tactically~*~*~ (hiding).
  5799 | D:7      | Found Wuplie Qide's Antique Armour Boutique.
  5841 | D:7      | Found Wiocuhoo's Antique Weapon Shop.
  5948 | D:7      | Found Oloufen's General Store.
  5956 | D:7      | 5956 ||| BUYING potion of heal wounds (55 gold).
  5956 | D:7      | Bought a potion of heal wounds for 55 gold pieces
  5956 | D:7      | 5956 ||| BUYING potion of mutation (88 gold).
  5956 | D:7      | Bought a potion of mutation for 88 gold pieces
  6213 | D:7      | Noticed Menkaure
  6218 | D:7      | 6218 ||| INVOKING Fiery Armour.
  6219 | D:7      | Killed Menkaure
  6269 | D:7      | 6269 ||| READING scroll labelled FODUSU MAEK.
  6270 | D:7      | 6270 ||| READING 2 scrolls of identify.
  6270 | D:7      | 6270 ||| IDENTIFYING coppery potion
  6466 | D:8      | Reached skill level 12 in Unarmed Combat
  6513 | D:8      | Found a one-way gate to the infinite horrors of the Abyss.
  6519 | D:8      | Found a corrupted altar of Lugonu.
  6536 | D:8      | 6536 ||| Stepping ~*~*~tactically~*~*~ (stealth).
  6537 | D:8      | 6537 ||| Stepping ~*~*~tactically~*~*~ (outnumbered).
  6760 | D:8      | 6760 ||| Stepping ~*~*~tactically~*~*~ (stealth).
  6806 | D:8      | 6806 ||| Stepping ~*~*~tactically~*~*~ (outnumbered).
  6963 | D:8      | 6963 ||| Stepping ~*~*~tactically~*~*~ (hiding).
  7068 | D:8      | 7068 ||| Stepping ~*~*~tactically~*~*~ (stealth).
  7174 | D:8      | 7174 ||| READING scroll labelled KUFYTEIRRE.
  7175 | D:8      | 7175 ||| READING scroll labelled TYPRUX YZOA.
  7176 | D:8      | 7176 ||| READING 3 scrolls labelled YGANLI XEBIPT.
  7177 | D:8      | 7177 ||| DRINKING 2 lumpy ruby potions.
  7224 | D:8      | 7224 ||| DROPPING potion of lignification.
  7243 | D:9      | 7243 ||| STAIRDANCE
  7249 | D:8      | Reached XP level 10. HP: 95/96 MP: 10/10
  7252 | D:9      | 7252 ||| STAIRDANCE
  7254 | D:8      | 7254 ||| Stepping ~*~*~tactically~*~*~ (outnumbered).
  7297 | D:9      | 7297 ||| STAIRDANCE
  7330 | D:9      | Found a shadowy altar of Dithmenos.
  7338 | D:9      | 7338 ||| Stepping ~*~*~tactically~*~*~ (hiding).
  7351 | D:9      | Reached skill level 13 in Unarmed Combat
  7391 | D:9      | 7391 ||| Stepping ~*~*~tactically~*~*~ (hiding).
  7496 | D:9      | 7496 ||| INVOKING Fiery Armour.
  7497 | D:9      | 7497 ||| Stepping ~*~*~tactically~*~*~ (outnumbered).
  7498 | D:9      | 7498 ||| Stepping ~*~*~tactically~*~*~ (outnumbered).
  7499 | D:9      | 7499 ||| Stepping ~*~*~tactically~*~*~ (outnumbered).
  7506 | D:9      | Reached skill level 1 in Armour
  7574 | D:9      | Reached skill level 3 in Dodging
  7589 | D:9      | Found a staircase to the Lair.
  7613 | D:9      | 7613 ||| Stepping ~*~*~tactically~*~*~ (outnumbered).
  7682 | D:9      | Found a shimmering altar of Xom.
  7684 | D:9      | 7684 ||| INVOKING Fiery Armour.
  7738 | D:9      | 7738 ||| Stepping ~*~*~tactically~*~*~ (stealth).
  7739 | D:9      | 7739 ||| Stepping ~*~*~tactically~*~*~ (stealth).
  7752 | D:9      | Reached skill level 14 in Unarmed Combat
  7998 | D:9      | 7998 ||| PLANNING LAIR
  7998 | D:9      | 7998 ||| UPGRADING to +0 troll leather armour.
  8008 | D:9      | 8008 ||| DROPPING +0 robe.
  8009 | D:9      | 8009 ||| READING scroll labelled OLALUM SO IHY.
  8064 | Lair:1   | Entered Level 1 of the Lair of Beasts
  8064 | Lair:1   | Noticed Grum
  8065 | Lair:1   | 8065 ||| INVOKING Fiery Armour.
  8066 | Lair:1   | Noticed a black mamba
  8077 | Lair:1   | Reached skill level 6 in Fighting
  8081 | Lair:1   | HP: 21/98 [black mamba (8)]
  8082 | Lair:1   | 8082 ||| READING 2 scrolls of teleportation.
  8083 | Lair:1   | 8083 ||| DRINKING 3 potions of heal wounds.
  8084 | Lair:1   | 8084 ||| DRINKING 2 potions of heal wounds.
  8084 | Lair:1   | Killed a black mamba
  8085 | Lair:1   | 8085 ||| DRINKING potion of heal wounds.
  8085 | Lair:1   | Noticed Maggie
  8088 | Lair:1   | HP: 23/98 [Maggie/+0 broad axe (10)]
  8089 | Lair:1   | 8089 ||| READING scroll of teleportation.
  8091 | Lair:1   | Killed Maggie
  8093 | Lair:1   | HP: 13/98 [poisoned by a black mamba]
  8098 | Lair:1   | HP: 16/98 [poisoned by a black mamba]
  8167 | Lair:1   | Noticed Amaemon
  8173 | Lair:1   | Noticed an orange demon
  8181 | Lair:1   | Killed Amaemon
  8182 | Lair:1   | Reached XP level 11. HP: 89/105 MP: 11/11
  8200 | Lair:1   | 8200 ||| Stepping ~*~*~tactically~*~*~ (stealth).
  8206 | Lair:1   | 8206 ||| Stepping ~*~*~tactically~*~*~ (hiding).
  8207 | Lair:1   | 8207 ||| Stepping ~*~*~tactically~*~*~ (stealth).
  8208 | Lair:1   | 8208 ||| Stepping ~*~*~tactically~*~*~ (stealth).
  8214 | Lair:1   | Killed Grum
  8228 | Lair:1   | 8228 ||| Stepping ~*~*~tactically~*~*~ (stealth).
  8229 | Lair:1   | 8229 ||| Stepping ~*~*~tactically~*~*~ (stealth).
  8259 | Lair:1   | 8259 ||| Stepping ~*~*~tactically~*~*~ (stealth).
  8260 | Lair:1   | 8260 ||| Stepping ~*~*~tactically~*~*~ (hiding).
  8347 | Lair:1   | 8347 ||| Stepping ~*~*~tactically~*~*~ (stealth).
  8362 | Lair:1   | 8362 ||| PLANNING CONVERSION TO OKAWARU
  8474 | D:6      | Fell from the grace of Ignis
  8474 | D:6      | Became a worshipper of Warmaster Okawaru
  8475 | D:6      | 8475 ||| PLANNING LAIR
  8577 | Lair:1   | 8577 ||| Stepping ~*~*~tactically~*~*~ (stealth).
  8579 | Lair:1   | 8579 ||| Stepping ~*~*~tactically~*~*~ (stealth).
  8584 | Lair:1   | 8584 ||| Stepping ~*~*~tactically~*~*~ (outnumbered).
  8600 | Lair:1   | Reached skill level 15 in Unarmed Combat
  8669 | Lair:1   | 8669 ||| Stepping ~*~*~tactically~*~*~ (stealth).
  8734 | Lair:1   | Reached * piety under Okawaru
  8789 | Lair:1   | 8789 ||| INVOKING Heroism.
  8802 | Lair:1   | Reached skill level 1 in Invocations
  8857 | Lair:1   | 8857 ||| Stepping ~*~*~tactically~*~*~ (stealth).
  8858 | Lair:1   | 8858 ||| Stepping ~*~*~tactically~*~*~ (stealth).
  8859 | Lair:1   | 8859 ||| Stepping ~*~*~tactically~*~*~ (stealth).
  8861 | Lair:1   | 8861 ||| Stepping ~*~*~tactically~*~*~ (stealth).
  8862 | Lair:1   | 8862 ||| INVOKING Heroism.
  8863 | Lair:1   | 8863 ||| Stepping ~*~*~tactically~*~*~ (stealth).
  8864 | Lair:1   | 8864 ||| Stepping ~*~*~tactically~*~*~ (stealth).
  8884 | Lair:1   | You fall into a shaft and drop 1 floor!
  8906 | Lair:2   | 8906 ||| INVOKING Heroism.
  8913 | Lair:2   | Reached ** piety under Okawaru
  8962 | Lair:2   | 8962 ||| INVOKING Heroism.
  8964 | Lair:2   | You fall into a shaft and drop 2 floors!
  9079 | Lair:4   | 9079 ||| DRINKING 8 potions of curing.
  9079 | Lair:4   | 9079 ||| (to cure confusion)
  9084 | Lair:4   | 9084 ||| INVOKING Heroism.
  9155 | Lair:4   | You fall into a shaft and drop 1 floor!
  9155 | Lair:5   | Entered Level 5 of the Lair of Beasts
  9160 | Lair:5   | 9160 ||| DRINKING 7 potions of curing.
  9160 | Lair:5   | 9160 ||| (to cure confusion)
  9171 | Lair:5   | 9171 ||| INVOKING Heroism.
  9172 | Lair:5   | 9172 ||| Stepping ~*~*~tactically~*~*~ (outnumbered).
  9175 | Lair:5   | 9175 ||| Stepping ~*~*~tactically~*~*~ (outnumbered).
  9176 | Lair:5   | 9176 ||| Stepping ~*~*~tactically~*~*~ (outnumbered).
  9177 | Lair:5   | 9177 ||| Stepping ~*~*~tactically~*~*~ (outnumbered).
  9179 | Lair:5   | Reached skill level 3 in Invocations
  9179 | Lair:5   | 9179 ||| Stepping ~*~*~tactically~*~*~ (outnumbered).
  9180 | Lair:5   | 9180 ||| Stepping ~*~*~tactically~*~*~ (outnumbered).
  9182 | Lair:5   | 9182 ||| Stepping ~*~*~tactically~*~*~ (outnumbered).
  9191 | Lair:5   | 9191 ||| INVOKING Heroism.
  9196 | Lair:5   | HP: 23/105 [komodo dragon (20)]
  9197 | Lair:5   | 9197 ||| DRINKING potion of heal wounds.
  9201 | Lair:5   | HP: 14/105 [poisoned by a cane toad]
  9201 | Lair:5   | HP: 4/105 [fire elemental[the fiery vengeance of Ignis]
                  | (10)]
  9202 | Lair:5   | Slain by a fire elemental

Levels and vault maps discovered:
D:1:      nicolae_arrival_washed_ashore, layout_basic, kennysheep_boxes
D:2:      layout_loops_ring, nicolae_ecumenical_snake_handling, serial_shops,
          nicolae_shop_window_shopping, roderic_roman_lattice,
          minmay_misc_feat_five
D:3:      minmay_angry_zag, layout_basic
D:4:      layout_basic, makhleb_heckhound_becter, tso_metal_star, uniq_grinder
D:5:      layout_loops_ring, minmay_temple_entry_waves
D:6:      layout_cave_pools, minmay_overflow_temple_star_quad,
          mainiacjoe_overflow_boulevard, amcnicky_altar_gilded,
          fedhas_altar_fruit_tree, water_maze_lemuel
D:7:      layout_basic, serial_shops, nicolae_shop_behind_doors,
          nicolae_shop_temple_entry_statues_fountains, shop,
          nicolae_shop_statue_plus, uniq_menkaure
D:8:      layout_basic, amcnicky_altar_lugonu_corruption
D:9:      layout_rooms, xom_confusion_cloud, mainiacjoe_overflow_catwalk,
          dpeg_oklobed_lair
Lair:1:   layout_loops_ring, uniq_amaemon, uniq_maggie, uniq_grum
Lair:2:   gammafunk_worm_tunnel, layout_cellular_growth, spider_nest_entry_a,
          hellmonk_ghost_happy_afterlife
Lair:4:   layout_loops_ring, basic_altar, grunt_megastairs_1
Lair:5:   due_jungle_book, layout_regular_city, dpeg_slime_entry_enclosed

Skill      XL: |  1  2  3  4  5  6  7  8  9 10 11 |
---------------+----------------------------------+-----
Unarmed Combat | 4 5 6 7 9 10 12 14 15 | 15.9
Throwing       | 2 3 4 5 |  5.0
Fighting       | 3 4 5 6 |  6.0
Dodging        | 2 3 |  3.1
Armour         | 1 2 |  2.1
Invocations    | 4 |  4.0
Spellcasting   | |  1.0
Fire Magic     | |  2.1

Action                   |  1- 3 |  4- 6 |  7- 9 | 10-12 || total
-------------------------+-------+-------+-------+-------++-------
Melee: Unarmed           |    62 |   147 |   232 |   264 ||   705
       Punch             |       |     2 |     6 |    23 ||    31
Throw: Javelin           |       |    11 |    63 |    16 ||    90
       Boomerang         |       |       |     7 |    10 ||    17
Invok: Fiery Armour      |     2 |       |     7 |     3 ||    12
       Heroism           |       |       |       |     7 ||     7
  Use: Scroll            |     5 |     2 |    15 |     3 ||    25
       Potion            |     2 |     3 |     2 |     6 ||    13
Armor: Robe              |    30 |    70 |   100 |    36 ||   236
       Troll leather arm |       |       |       |    80 ||    80
Dodge: Dodged            |    29 |    60 |    86 |   151 ||   326

Table legend:
 A = Non-vault XP
 B = Vault XP
 C = Vault XP percentage of total XP
 D = Non-vault monster count
 E = Vault monster count
 F = Vault count percentage of total count
                 A         B        C        D         E       F
            +---------+---------+-------+---------+---------+-------
      Total |   16622 |    3672 |  18.1 |     236 |      31 |  11.6
            +---------+---------+-------+---------+---------+-------
        D:1 |     100 |       0 |   0.0 |      34 |       0 |   0.0
        D:2 |      45 |      29 |  39.2 |      18 |       4 |  18.2
        D:3 |      69 |      11 |  13.8 |      16 |       7 |  30.4
        D:4 |     245 |     323 |  56.9 |      14 |       2 |  12.5
        D:5 |     862 |       0 |   0.0 |      17 |       0 |   0.0
        D:6 |    1005 |       0 |   0.0 |      27 |       0 |   0.0
        D:7 |    1010 |     169 |  14.3 |      15 |       1 |   6.2
        D:8 |    2213 |       0 |   0.0 |      26 |       0 |   0.0
        D:9 |    2213 |    1058 |  32.3 |      19 |      10 |  34.5
     Lair:1 |    5739 |    2082 |  26.6 |      36 |       7 |  16.3
     Lair:2 |     418 |       0 |   0.0 |       1 |       0 |   0.0
     Lair:4 |      90 |       0 |   0.0 |       1 |       0 |   0.0
     Lair:5 |    2613 |       0 |   0.0 |      12 |       0 |   0.0
            +---------+---------+-------+---------+---------+-------
